cohdb
Replays
Latest Replays
All Replays
Popular Replays
Top Player Replays
Match Explorer
How It Works
Community
CoH3 Stats
Reddit
Sign in to upload your games and track your stats! →
Sign in with Steam
Match 42815057
Unlisted
Match 42815057
Overview
Messages
Build Orders
End
Kradschützen Motorcycle Team
Selects Armored Support Battlegroup
Panzergrenadier Squad
Panzerpioneer Squad
Construct Light Support Kompanie
2.5-tonne Medical Truck
Panzergrenadier Squad
Assault Mechanized Group
Construct Mechanized Kompanie
Selects Vehicle Awareness
Veteran Squad Leaders
Marder III Tank Destroyer
Construct Panzerarmee Kommand
Selects Panzer Storm
Panzerjäger Mechanized Group
Armored Reserves
2.5-tonne Medical Truck
Marder III Tank Destroyer
Selects Stuka Anti-tank Loiter
Selects Veteran Gunners
Marder III Tank Destroyer
Marder III Tank Destroyer
Stuka Anti-tank Loiter
Romaneck
Koala
MrZiehr
Bran
DrewP
Dillbro
0
0
Comments
sign in to comment!
No comments posted yet!